 Dungeon Crawl Stone Soup version 0.19.0-9-gfd783f2 (webtiles) character file.

39 dysrexia the Ducker (level 3, -3/17 HPs)
             Began as a Felid Abyssal Knight on Nov 7, 2016.
             Was a Believer of Lugonu.
             Slain by dobroeutro's ghost (11 damage)
             ... on level 3 of the Dungeon.
             The game lasted 00:07:00 (1702 turns).

dysrexia the Ducker (Felid Abyssal Knight)          Turns: 1702, Time: 00:07:01

Health: -3/17      AC:  1    Str:  8    XL:     3   Next: 26%
Magic:  5/5        EV: 19    Int: 13    God:    Lugonu [**....]
Gold:   99         SH:  0    Dex: 16    Spells: 0 memorised, 2 levels left
                                        Lives:  0   Deaths: 1

rFire  . . .     SeeInvis +       - Unarmed
rCold  . . .     Gourm    .     (armour unavailable)
rNeg   . . .     Faith    .     (shield unavailable)
rPois  .         Spirit   .     (helmet unavailable)
rElec  .         Reflect  .     (cloak unavailable)
rCorr  .         Harm     .     (gloves unavailable)
MR     .....                    (boots unavailable)
Stlth  ++........               (no amulet)
                                (no ring)
                                m - ring of see invisible

@: flying, quick
A: no armour, no weapons or thrown items, stealth, claws 1, fangs 3, see
invisible, carnivore 3, speed 1, shaggy fur 1, slow metabolism 1, sharp paws
a: Depart the Abyss, Bend Space, Renounce Religion


You were on level 3 of the Dungeon.
You worshipped Lugonu.
Lugonu was pleased with you.
You were completely stuffed.

You visited 1 branch of the dungeon, and saw 3 of its levels.
You visited the Abyss 1 time.

You collected 99 gold pieces.

Inventory:

Jewellery
 m - a ring of see invisible (left paw)
Scrolls
 d - a scroll of enchant armour {unknown}
 e - a scroll of fear {unknown}
 f - 3 scrolls of identify {unknown}
 h - 2 scrolls of teleportation
 j - 2 scrolls of enchant weapon {unknown}
 k - a scroll of blinking {unknown}
 o - a scroll of remove curse {unknown}
Potions
 c - a potion of invisibility {unknown}
 i - a potion of berserk rage {unknown}
 l - a potion of resistance {unknown}
 n - a potion of heal wounds {unknown}
Comestibles
 a - 2 meat rations
 g - a slice of pizza
 p - a chunk of flesh


   Skills:
 - Level 3.0 Fighting
 + Level 3.6 Dodging
 + Level 3.4 Stealth
 * Level 3.4 Unarmed Combat
 - Level 1.7 Invocations


You had 2 spell levels left.
You didn't know any spells.

Dungeon Overview and Level Annotations

Branches:
Dungeon (3/15)

Altars:

Annotations:
D:3 dobroeutro's ghost, amateur CeHu


Innate Abilities, Weirdness & Mutations

You cannot wear armour.
You are incapable of wielding weapons or throwing items.
Your paws allow you to move quietly. (Stealth)
You have sharp claws.
You have razor-sharp teeth.
You have supernaturally acute eyesight. (SInv)
You are carnivorous and can eat meat at any time.
You cover ground quickly.
You are covered in fur. (AC +1)
You have a slow metabolism.
Your sharp claws are effective at attacking unaware monsters.


Message History

You scratch dobroeutro's ghost. Your bite misses dobroeutro's ghost.
Dobroeutro's ghost is heavily damaged.
Dobroeutro's ghost completely misses you.
You scratch dobroeutro's ghost but do no damage.
Dobroeutro's ghost is heavily damaged.
Dobroeutro's ghost hits you.
You claw dobroeutro's ghost!
Dobroeutro's ghost is severely damaged.
Dobroeutro's ghost completely misses you.
You barely miss dobroeutro's ghost.
Dobroeutro's ghost is severely damaged.
Dobroeutro's ghost closely misses you.
You scratch dobroeutro's ghost.
Dobroeutro's ghost is severely damaged.
Dobroeutro's ghost misses you.
It was a potion of flight.
You feel very buoyant.
You fly up into the air.
Dobroeutro's ghost hits you!
Ouch! That really hurt!
You die...

#. .. ##. .# ..
/# #####. .# #
......######.#..#
#.....<....#
#.#####.#.## #W#
.# #@# .# #.# ##
#.# #.# ..# ###


You could see dobroeutro's ghost.

Vanquished Creatures
  2 adders (D:2)
  2 worms (D:2)
  A dart slug (D:1)
  A leopard gecko (D:1)
  7 bats
  2 giant cockroaches
  5 goblins
  5 hobgoblins
  4 jackals (D:2)
  A quokka (D:2)
  A ball python (D:1)
  4 frilled lizards
  10 kobolds
  8 rats
53 creatures vanquished.

Notes
Turn   | Place    | Note
-------+----------+-------------------------------------------
     0 | Abyss:1  | dysrexia the Felid Abyssal Knight began the quest for the Orb.
     0 | Abyss:1  | Reached XP level 1. HP: 10/10 MP: 3/3
    20 | D:1      | Escaped the Abyss
    90 | D:1      | Reached skill level 1 in Stealth
   205 | D:1      | Reached XP level 2. HP: 14/14 MP: 4/4
   237 | D:1      | Reached * piety under Lugonu
   490 | D:1      | Reached XP level 3. HP: 9/17 MP: 5/5
  1150 | D:2      | Reached ** piety under Lugonu
  1449 | D:2      | Reached XP level 4. HP: 21/21 MP: 6/6
  1484 | D:2      | HP: 1/21 [jackal (3)]
  1484 | D:2      | Slain by a rat
  1485 | D:2      | Reached XP level 3. HP: -2/17 MP: 5/5
  1684 | D:3      | Noticed dobroeutro's ghost (amateur CeHu)
  1702 | D:3      | Slain by dobroeutro's ghost

Skill      XL: |  1  2  3 |
---------------+----------+-----
Stealth        | 1 2 3 |  3.4
Unarmed Combat | 3 |  3.4
Fighting       | |  3.0
Dodging        | |  3.6
Invocations    | |  1.7

Action                   |  1- 3 |  4- 6 || total
-------------------------+-------+-------++-------
Melee: Unarmed           |   161 |    25 ||   186
       Bite              |     9 |     2 ||    11
       Punch             |     1 |       ||     1
Invok: Depart the Abyss  |     1 |       ||     1
  Use: Scroll            |     3 |       ||     3
       Potion            |     1 |       ||     1
 Stab: Sleeping          |     4 |       ||     4
  Eat: Chunk             |    14 |       ||    14
Armor: Skin              |    16 |     2 ||    18
Dodge: Dodged            |   114 |    38 ||   152
